 Dungeon Crawl Stone Soup version 0.30-a0-852-g08b95dd62f (webtiles) character file.

Game seed: 4159434277479279980

761 avis the Chiller (level 7, -4/56 HPs)
             Began as a Demigod Ice Elementalist on Mar 5, 2023.
             Slain by a gnoll
             ... wielding a +0 halberd
             ... led by a gnoll bouda
              (7 damage)
             ... on level 5 of the Dungeon.
             The game lasted 00:27:01 (5200 turns).

avis the Chiller (Demigod Ice Elementalist)         Turns: 5200, Time: 00:27:02

Health: -4/56      AC: 10    Str:  9    XL:     7   Next: 26%
Magic:  3/14       EV: 13    Int: 17    God:
Gold:   219        SH:  0    Dex: 22    Spells: 3/12 levels left

rFire   . . .      SeeInvis .    a - +1 hand axe (venom)
rCold   . . .      Faith    .    (no shield)
rNeg    . . .      Spirit   .    f - +0 robe
rPois   .          Reflect  .    (no helmet)
rElec   .          Rampage  .    (no cloak)
rCorr   +                        k - +0 pair of gloves
Will    .....                    (no boots)
Stlth   ++                       (no amulet)
HPRegen 0.29/turn                c - ring of resist corrosion
MPRegen 0.14/turn                (no ring)

@: ice-armoured, freezing walls
A: high MP 1, forlorn, divine attributes
a: no special abilities


You were on level 5 of the Dungeon.
You visited 1 branch of the dungeon, and saw 5 of its levels.

You collected 219 gold pieces.

Inventory:

Hand Weapons
 a - a +1 hand axe of venom (weapon)
 b - a +1 flail of holy wrath
 n - a +0 short sword
 B - a +0 dagger
 C - a +0 rapier
Missiles
 h - 6 boomerangs
 t - 4 poisoned darts
Armour
 f - a +0 robe (worn)
 k - a +0 pair of gloves (worn)
 y - a +0 scale mail of fire resistance
Magical Staves
 m - a staff of death
Jewellery
 c - a ring of resist corrosion (left hand)
Wands
 q - a wand of charming (6)
Scrolls
 g - 3 scrolls of magic mapping {unknown}
 j - 2 scrolls of immolation {unknown}
 l - a scroll of noise {unknown}
 o - 2 scrolls of poison {unknown}
 p - 2 scrolls of fear {unknown}
 s - a scroll of fog {unknown}
 u - 4 scrolls of teleportation {unknown}
 w - 2 scrolls of identify {unknown}
 x - a scroll of enchant armour {unknown}
 A - a scroll of vulnerability {unknown}
Potions
 d - a potion of haste
 e - a potion of magic
 i - a potion of brilliance {unknown}
 r - a potion of attraction {unknown}
 v - a potion of lignification {unknown}
 D - a potion of mutation {unknown}


   Skills:
 * Level 2.8 Fighting
 - Level 2.0 Dodging
 - Level 2.0 Stealth
 - Level 3.0 Spellcasting
 - Level 2.0 Transmutations
 - Level 7.0 Ice Magic


You had 3 spell levels left.
You knew the following spells:

 Your Spells              Type           Power      Damage    Failure   Level
a - Freeze                Ice            100%       1d10      1%          1
e - Wereblood             Tmut           9%         N/A       12%         2
o - Ozocubu's Armour      Ice            26%        N/A       3%          3
r - Frozen Ramparts       Ice            52%        1d8       3%          3

Your spell library contained the following spells:

 Spells                   Type           Power      Damage    Failure   Level
 Sublimation of Blood     Necr           2%         N/A       26%         2
 Kindle Blastsparks       Fire/Tloc/Air  4%         2d10      45%         3
 Summon Ice Beast         Ice/Summ       14%        N/A       38%         4
 Fulminant Prism          Conj/Hex       1%         3d5       86%         4
 Iskenderun's Mystic Bla  Conj/Tloc      2%         2d3       86%         4
 Lee's Rapid Deconstruct  Erth           1%         3d4*      99%         5
 Summon Hydra             Summ           1%         N/A       100%        7


Dungeon Overview and Level Annotations

Branches:
Dungeon (5/15)
 Temple: D:4-7


Innate Abilities, Weirdness & Mutations

You have an increased reservoir of magic. (+10% MP)
You shall have no god before yourself.
Your divine heritage dramatically boosts your attributes as you level up.


Message History

The wall freezes the orc!
You kill the orc!
The wall freezes something.
Reactivating autopickup.
You feel a bit more experienced.
You start resting.
A gnoll comes into view. It is wielding a +0 halberd.
The gnoll moves out of view.
You start resting.
Your attacks no longer feel as feeble.
The frozen ramparts melt away.
The gnoll is no longer moving quickly.
The gnoll closely misses you.
Your icy armour will break if you move.
Continue?
Your icy armour cracks and falls away as you move.
The orc priest shouts!
The orc warrior shouts!
The gnoll misses you.
The orc priest invokes the aid of Beogh against you.
Beogh smites you!
* * * LOW HITPOINT WARNING * * *
Things that are here:
a +0 dagger; a +0 robe; a +0 flail
Casting: Frozen Ramparts (dangerous; 3% risk of failure)
Confirm with . or Enter, or press ? or * to list all spells.
A film of ice covers your body! The gnoll closely misses you.
The orc priest mumbles some strange prayers to Beogh against you.
Pain shoots through your body!
* * * LOW HITPOINT WARNING * * *
You feel better. The gnoll hits you with a +0 halberd.
* * * LOW HITPOINT WARNING * * *
A gnoll comes into view. It is wielding a +0 club.
Casting: Ozocubu's Armour (dangerous; 3% risk of failure)
Confirm with . or Enter, or press ? or * to list all spells.
Casting: Frozen Ramparts (dangerous; 3% risk of failure)
Press: ? - help, Dir - look around, f - activate The walls around you are covered in ice.
The gnoll shouts!
The wall freezes the orc priest.
The orc priest casts a cantrip, but nothing happens.
The wall freezes the gnoll!
The gnoll hits you with a +0 halberd!
You die...

##...#.... ..................
###..).### ######.###.......
##....#..# ##.###.......
#..#..##.# #.......#....
#.###.# ... #..###.##.... ..#
.# #.# #####....†[# ... .## ..
# # ##.......###..# .. .# #.#
#. ##).#....## .## ####
.###.####g@##...## ..
...###..##..#...#....### ..#
.....##..##...##.o.........###
#..........................
####.............o##....#..
.....##..............##.# .
#....# .......!.##.......
#.#.................#.. #..
..#.............o##.#..g .#


You could see an orc warrior, an orc priest and a gnoll.

Vanquished Creatures
  Sigmund (D:4)
  An ice beast (D:5)
  A black bear (D:4)
  A phantom (D:3)
  A scorpion (D:5)
  A hound (D:5)
  A gnoll bouda (D:5)
  2 iguanas
  An orc wizard (D:5)
  4 adders
  A gnoll (D:5)
  An ufetubus (D:5)
  A worm (D:2)
  5 dart slugs
  5 orcs
  6 endoplasms
  2 giant cockroaches
  9 hobgoblins
  8 jackals
  9 kobolds
  A quokka (D:4)
  5 ball pythons
  4 bats (D:1)
  4 frilled lizards
  7 goblins
  24 rats
106 creatures vanquished.

Vanquished Creatures (collateral kills)
  A frilled lizard (D:3)
1 creature vanquished.

Grand Total: 107 creatures vanquished

Notes
Turn   | Place    | Note
-------+----------+-------------------------------------------
     0 | D:1      | avis the Demigod Ice Elementalist began the quest for the
                  | Orb.
     0 | D:1      | Reached XP level 1. HP: 14/14 MP: 5/5
   168 | D:1      | Reached skill level 4 in Ice Magic
   340 | D:1      | Reached XP level 2. HP: 20/20 MP: 2/7
   967 | D:1      | Reached XP level 3. HP: 26/26 MP: 5/9
   972 | D:1      | Learned a level 3 spell: Frozen Ramparts
   976 | D:1      | Learned a level 3 spell: Ozocubu's Armour
  2111 | D:2      | Reached skill level 5 in Ice Magic
  2111 | D:2      | Reached XP level 4. HP: 22/33 MP: 3/10
  2788 | D:3      | Noticed a phantom
  2801 | D:4      | Noticed a black bear
  2867 | D:4      | Killed a black bear
  2868 | D:4      | Reached XP level 5. HP: 34/38 MP: 3/12
  2977 | D:4      | Learned a level 2 spell: Wereblood
  3386 | D:3      | Reached skill level 6 in Ice Magic
  3386 | D:3      | Reached skill level 1 in Transmutations
  4535 | D:4      | Noticed Sigmund
  4551 | D:4      | Reached XP level 6. HP: 45/45 MP: 6/13
  4568 | D:4      | Killed Sigmund
  4784 | D:5      | Entered Level 5 of the Dungeon
  5059 | D:5      | Reached XP level 7. HP: 55/55 MP: 8/14
  5117 | D:5      | Reached skill level 7 in Ice Magic
  5198 | D:5      | HP: 2/56 [orc priest/nerve-wracking pain (8)]
  5200 | D:5      | Slain by a gnoll

Illustrated notes

Levels and vault maps discovered:
D:1:      minmay_arrival_hallway, layout_basic
D:2:      layout_basic, chequers_ecumenical_altar_simple,
          amcnicky_mini_pool_small
D:3:      mumra_celtic_spiral_tile, layout_basic, mainiacjoe_overflow_boulevard
D:4:      layout_loops_ring, minmay_rat_hole, uniq_sigmund
D:5:      layout_rooms, lemuel_zombie_altar_kikubaaqudgha,
          minmay_temple_entry_ruins

Skill      XL: |  1  2  3  4  5  6  7 |
---------------+----------------------+-----
Ice Magic      | 4 5 6 7 |  7.0
Spellcasting   | 2 3 |  3.0
Transmutations | 1 2 |  2.0
Fighting       | 2 |  2.8
Dodging        | 2 |  2.0
Stealth        | 2 |  2.0

Action                     |  1- 3 |  4- 6 |  7- 9 || total
---------------------------+-------+-------+-------++-------
  Melee: Dagger            |    25 |     2 |       ||    27
         Short sword       |       |    40 |       ||    40
         Punch             |       |     1 |       ||     1
         Rapier            |       |     2 |       ||     2
         Hand axe          |       |    15 |    14 ||    29
   Cast: Freeze            |    59 |    11 |       ||    70
         Ozocubu's Armour  |     3 |    11 |     3 ||    17
         Frozen Ramparts   |     3 |    15 |     4 ||    22
  Evoke: Wand              |       |     1 |       ||     1
    Use: Potion            |       |     5 |     1 ||     6
   Stab: Sleeping          |     9 |     5 |       ||    14
 Armour: Robe              |    13 |    20 |    10 ||    43
  Dodge: Dodged            |    33 |    51 |    18 ||   102

Table legend: (Time is in decaauts)
 A = Elapsed time spent in this place.
 B = Non-inter-level travel time spent in this place.
 C = Inter-level travel time spent in this place.
 D = Time resting spent in this place.
 E = Time spent auto-exploring this place.
 F = Levels seen in this place.
 G = Mean time per level.
                   A        B        C        D        E       F      G
               +--------+--------+--------+--------+--------+-----+--------+
         Total |   5191 |   4592 |    599 |   1048 |   2195 |   5 | 1038.2 |
       Dungeon |   5191 |   4592 |    599 |   1048 |   2195 |   5 | 1038.2 |
               +--------+--------+--------+--------+--------+-----+--------+

Top non-repeatable levels by time:
     D:1: 1595 daAuts
     D:2: 1185 daAuts
     D:3: 1100 daAuts
     D:4: 926 daAuts
     D:5: 383 daAuts
